Saguenéens vs Demolitions
Created - January 11, 2019 at 19:26
Goals
|
| Saguenéens |
2 |
2 |
3 |
7 |
| Demolitions |
1 |
2 |
2 |
5 |
|
Shots
|
| Saguenéens |
13 |
18 |
11 |
42 |
| Demolitions |
9 |
5 |
12 |
26 |
|
1st period
1. Demolitions , Billy Sweat 8 (Phil McRae 7, Jonathan Blum 20) at 1:11
2. Saguenéens , Kyle Brodziak 18 (Carl Hagelin 37) at 11:26
3. Saguenéens , Juraj Mikus 16 (Tobias Rieder 20, Robert Hagg 10) at 16:00
Penalties :
Derek Forbort (Vic) for Hooking (Minor) at 3:03, Seth Jones (Chi) for Holding (Minor) at 12:25
2nd period
4. Demolitions , Garnet Hathaway 21 (Cameron Schilling 21) at 0:40
5. Demolitions , Lane MacDermid 7 (Corban Knight 21, Garnet Hathaway 23) at 2:36
6. Saguenéens , Carl Hagelin 26 (Luke Witkowski 35, Bobby Sanguinetti 22) at 3:26 (PP)
7. Saguenéens , Craig Cunningham 6 (Tobias Rieder 21, Juraj Mikus 23) at 17:10
Penalties :
Erik Cole (Vic) for Kneeing (Minor) at 2:41, Erik Cole (Vic) for Roughing (Minor) at 3:54, Cameron Schilling (Vic) for Slashing (Minor) at 6:43, Michael Latta (Vic) for Hooking (Minor) at 13:14
3rd period
8. Demolitions , Brandon McMillan 8 (Aaron Palushaj 7, Andrej Nestrasil 8) at 6:34
9. Saguenéens , Luke Witkowski 25 (Carl Hagelin 38, Kyle Brodziak 18) at 8:30 (PP)
10. Saguenéens , Rhett Rakhshani 9 (Seth Jones 22, Nathan MacKinnon 23) at 10:04
11. Saguenéens , Luke Witkowski 26 (Carl Hagelin 39) at 10:10
12. Demolitions , Cameron Schilling 7 (Spencer Machacek 15) at 16:45
Penalties :
Michael Latta (Vic) for Goalie Interference (Minor) at 0:16, Lane MacDermid (Vic) for Hooking (Minor) at 4:16, Garnet Hathaway (Vic) for Tripping (Minor) at 7:03, Cameron Schilling (Vic) for Boarding (Major) at 11:39, Tanner Richard (Chi) for Slashing (Minor) at 17:52
Goalie Stats
Martin Jones (Chi), 21 saves from 26 shots - (0.808), W, 15-9-3, 60:00 minutes
Karri Ramo (Vic), 35 saves from 42 shots - (0.833), L, 6-10-1, 60:00 minutes
Players Stats for Saguenéens
Player Name G A P +/- PIM S H SB GA TA FO MP PP MP PK MP
------------------------------------------------------------------------------------
Adam Erne 0 0 0 0 0 0 0 0 0 0 0/0 0:11 0:11 0:00
Bobby Sanguinetti 0 1 1 -1 0 3 1 0 1 2 0/0 29:48 12:38 2:31
Carl Hagelin 1 3 4 1 0 7 3 0 1 0 1/3 22:48 10:08 1:12
Craig Cunningham 1 0 1 1 0 3 1 1 0 0 0/0 17:54 7:38 0:26
Dalton Prout 0 0 0 0 0 2 1 1 0 2 0/0 30:55 12:04 2:31
Henrik Samuelsson 0 0 0 0 0 0 0 0 0 0 1/1 1:00 0:53 0:00
Jerry D'Amigo 0 0 0 -1 0 1 1 2 0 0 0/0 6:27 0:54 0:00
Juraj Mikus 1 1 2 1 0 4 1 0 1 0 5/13 17:41 7:52 0:00
Kerby Rychel 0 0 0 -1 0 1 1 0 0 0 0/0 5:33 0:00 0:00
Kyle Brodziak 1 1 2 1 0 2 3 0 0 0 25/47 23:39 10:06 2:05
Luke Witkowski 2 1 3 1 0 6 2 0 1 1 0/2 23:52 10:08 2:10
Mattias Janmark 0 0 0 0 0 0 0 0 0 0 0/0 0:38 0:37 0:00
Mike Sauer 0 0 0 1 0 1 2 0 0 0 0/0 18:34 6:21 1:27
Mikhail Grigorenko 0 0 0 0 0 0 0 0 0 0 0/0 1:33 0:28 0:51
Myles Bell 0 0 0 0 0 0 0 0 0 0 0/0 0:00 0:00 0:00
Nathan MacKinnon 0 1 1 -1 0 2 1 0 0 0 1/2 9:59 0:00 0:00
Nick Mattson 0 0 0 -1 0 0 0 0 0 1 0/0 10:14 0:36 0:00
Nick Paul 0 0 0 0 0 0 0 0 0 0 0/0 0:00 0:00 0:00
Patrick Sieloff 0 0 0 0 0 0 0 0 0 0 0/0 2:43 0:42 0:00
Rhett Rakhshani 1 0 1 -1 0 1 1 0 0 0 0/0 9:59 0:00 0:00
Robert Hagg 0 1 1 -1 0 0 0 3 0 1 0/0 10:22 0:00 0:44
Seth Jones 0 1 1 2 2 2 0 1 2 1 0/0 17:11 5:49 0:43
Tanner Richard 0 0 0 -1 2 3 0 0 0 0 2/3 5:39 0:00 0:00
Teemu Pulkkinen 0 0 0 -1 0 0 1 0 0 0 0/0 10:27 0:28 0:00
Tobias Rieder 0 2 2 1 0 4 0 0 3 0 0/0 18:53 7:52 1:12
Players Stats for Demolitions
Player Name G A P +/- PIM S H SB GA TA FO MP PP MP PK MP
------------------------------------------------------------------------------------
Aaron Palushaj 0 1 1 1 0 1 0 0 0 0 1/1 8:25 0:00 0:00
Alex Hutchings 0 0 0 -1 0 0 0 1 0 1 0/0 5:44 0:00 3:08
Andrej Nestrasil 0 1 1 1 0 0 0 0 0 0 0/2 8:25 0:00 0:00
Billy Sweat 1 0 1 1 0 3 0 1 1 0 0/0 6:21 0:00 0:00
Brandon McMillan 1 0 1 1 0 2 0 0 0 0 2/2 8:25 0:00 0:00
Cameron Schilling 1 1 2 1 7 4 2 3 3 1 0/0 24:47 2:33 7:08
Colton Sceviour 0 0 0 0 0 0 0 0 0 1 1/2 5:02 0:00 4:31
Corban Knight 0 1 1 1 0 1 1 0 0 0 6/12 12:08 1:52 1:41
Derek Forbort 0 0 0 0 2 0 0 1 0 0 0/0 5:01 0:00 1:51
Dmitri Orlov 0 0 0 -1 0 1 0 5 0 2 0/0 21:22 1:25 7:41
Erik Cole 0 0 0 -2 4 0 0 0 0 0 6/11 21:23 2:06 8:07
Garnet Hathaway 1 1 2 0 2 3 2 1 0 0 5/5 18:17 1:52 6:00
JC Lipon 0 0 0 0 0 0 0 0 0 0 0/0 0:00 0:00 0:00
Joel Vermin 0 0 0 1 0 0 0 0 0 0 0/0 6:21 0:00 0:00
Jonathan Blum 0 1 1 1 0 1 0 0 1 2 0/0 28:13 2:33 10:55
Lane MacDermid 1 0 1 1 2 3 0 0 0 0 0/0 10:24 1:52 0:00
Michael Latta 0 0 0 -4 4 0 0 0 1 0 12/28 18:52 2:06 4:32
Nick Pryor 0 0 0 0 0 0 0 1 0 0 0/0 2:40 0:00 0:00
Nick Shore 0 0 0 0 0 0 0 0 0 0 0/0 0:38 0:00 0:00
Phil McRae 0 1 1 1 0 4 0 0 0 0 1/3 6:21 0:00 0:00
Robert Bortuzzo 0 0 0 1 0 1 0 0 0 0 0/0 7:23 0:00 0:00
Ryan Olsen 0 0 0 0 0 0 0 0 0 0 0/0 0:00 0:00 0:00
Seth Helgeson 0 0 0 -2 0 0 1 2 0 2 0/0 20:28 1:25 7:17
Spencer Machacek 0 1 1 -2 0 2 0 1 2 0 2/5 23:25 2:06 10:11
Taylor Aronson 0 0 0 1 0 0 0 0 0 0 0/0 10:41 0:00 3:18
3 Stars
1 - Carl Hagelin (Chi)
2 - Luke Witkowski (Chi)
3 - Kyle Brodziak (Chi)
Power Play
Saguenéens - 2 on 9 Attempt(s) - 22.22%
Demolitions - 0 on 2 Attempt(s) - 0.00%
Penalty Kill
Saguenéens - 2 on 2 Attempt(s) - 100.00%
- Score 0 goal in Penalty Kill
Demolitions - 7 on 9 Attempt(s) - 77.78%
- Score 0 goal in Penalty Kill
Team Stat
Saguenéens - Hits : 19 - Faceoff Wins : 35 - Blocked Shots : 8 - Penalty Minutes : 4
Demolitions - Hits : 6 - Faceoff Wins : 36 - Blocked Shots : 16 - Penalty Minutes : 21
Official
Referees : Unknown
Linesman : Unknown
Game Notes
3:51 of 2nd period - Saguenéens goal is going for a video replay. After video review, No Goal. The goalkeeper has been pushed into the net together with the puck after making a save.
Finance
Level 1 -- Attendance: 1418 (70.90%) -- Ticket Income $36,868
Level 2 -- Attendance: 768 (76.80%) -- Ticket Income $6,912
Total Attendance: 2186 (72.87%)
Total Ticket Income: $43,780
Other Income: $2,189
Total Income: $45,969
Saguenéens
5 vs 5 Forward
Center Left Wing Right Wing Time % Phy DF OF
1 Kyle Brodziak Carl Hagelin Luke Witkowski 40 1 2 2
2 Juraj Mikus Craig Cunningham Tobias Rieder 30 1 2 2
3 Nathan MacKinnon Teemu Pulkkinen Rhett Rakhshani 20 1 2 2
4 Tanner Richard Kerby Rychel Jerry D'Amigo 10 1 2 2
5 vs 5 Defense
Defense Defense Time % Phy DF OF
1 Dalton Prout Bobby Sanguinetti 40 1 2 2
2 Seth Jones Mike Sauer 30 1 2 2
3 Nick Mattson Robert Hagg 20 1 2 2
4 Patrick Sieloff Dalton Prout 10 1 2 2
PowerPlay Forward
Center Left Wing Right Wing Time % Phy DF OF
1 Kyle Brodziak Carl Hagelin Luke Witkowski 60 1 2 2
2 Juraj Mikus Craig Cunningham Tobias Rieder 40 1 2 2
PowerPlay Defense
Defense Defense Time % Phy DF OF
1 Dalton Prout Bobby Sanguinetti 60 1 2 2
2 Seth Jones Mike Sauer 40 1 2 2
Penalty Kill 4 Players Forward
Center Wing Time % Phy DF OF
1 Kyle Brodziak Luke Witkowski 60 1 2 2
2 Tobias Rieder Carl Hagelin 40 1 2 2
Penalty Kill 4 Players Defense
Defense Defense Time % Phy DF OF
1 Dalton Prout Bobby Sanguinetti 60 1 2 2
2 Seth Jones Mike Sauer 40 1 2 2
Penalty Kill - 3 Players Forward
Forward Time % Phy DF OF
1 Kyle Brodziak 60 1 2 2
2 Luke Witkowski 40 1 2 2
Penalty Kill - 3 Players Defense
Defense Defense Time % Phy DF OF
1 Dalton Prout Bobby Sanguinetti 60 1 2 2
2 Seth Jones Mike Sauer 40 1 2 2
4 vs 4 Forward
Center Wing Time % Phy DF OF
1 Kyle Brodziak Luke Witkowski 60 1 2 2
2 Tobias Rieder Carl Hagelin 40 1 2 2
4 vs 4 Defense
Defense Defense Time % Phy DF OF
1 Dalton Prout Bobby Sanguinetti 60 1 2 2
2 Seth Jones Mike Sauer 40 1 2 2
Last Minutes Offensive
Center Left Wing Right Wing Defense Defense
Kyle Brodziak Carl Hagelin Luke Witkowski Dalton Prout Bobby Sanguinetti
Last Minutes Defensive
Center Left Wing Right Wing Defense Defense
Kyle Brodziak Carl Hagelin Luke Witkowski Dalton Prout Bobby Sanguinetti
Goaltenders
Starting : Martin Jones
Backup : Joe Cannata
Extra Forwards
Normal : Henrik Samuelsson, Mattias Janmark, Mikhail Grigorenko - PP : Henrik Samuelsson, Mattias Janmark - PK : Mikhail Grigorenko
Extra Defensemen
Normal : Nick Mattson, Robert Hagg, Patrick Sieloff - PP : Nick Mattson - PK : Robert Hagg, Patrick Sieloff
Penalty Shots
Kyle Brodziak, Luke Witkowski, Tobias Rieder, Carl Hagelin, Rhett Rakhshani
Scratches
Dylan Labbe (Healthy), Calle Andersson (Healthy)
Demolitions
5 vs 5 Forward
Center Left Wing Right Wing Time % Phy DF OF
1 Michael Latta Erik Cole Spencer Machacek 40 1 2 2
2 Corban Knight Lane MacDermid Garnet Hathaway 30 1 2 2
3 Andrej Nestrasil Brandon McMillan Aaron Palushaj 20 1 2 2
4 Phil McRae Billy Sweat Joel Vermin 10 1 2 2
5 vs 5 Defense
Defense Defense Time % Phy DF OF
1 Jonathan Blum Cameron Schilling 40 1 2 2
2 Seth Helgeson Dmitri Orlov 30 1 2 2
3 Robert Bortuzzo Taylor Aronson 20 1 2 2
4 Derek Forbort Nick Pryor 10 1 2 2
PowerPlay Forward
Center Left Wing Right Wing Time % Phy DF OF
1 Michael Latta Erik Cole Spencer Machacek 60 1 2 2
2 Corban Knight Lane MacDermid Garnet Hathaway 40 1 2 2
PowerPlay Defense
Defense Defense Time % Phy DF OF
1 Jonathan Blum Cameron Schilling 60 1 2 2
2 Seth Helgeson Dmitri Orlov 40 1 2 2
Penalty Kill 4 Players Forward
Center Wing Time % Phy DF OF
1 Erik Cole Spencer Machacek 60 1 2 2
2 Garnet Hathaway Michael Latta 40 1 2 2
Penalty Kill 4 Players Defense
Defense Defense Time % Phy DF OF
1 Jonathan Blum Cameron Schilling 60 1 2 2
2 Seth Helgeson Dmitri Orlov 40 1 2 2
Penalty Kill - 3 Players Forward
Forward Time % Phy DF OF
1 Erik Cole 60 1 2 2
2 Spencer Machacek 40 1 2 2
Penalty Kill - 3 Players Defense
Defense Defense Time % Phy DF OF
1 Jonathan Blum Cameron Schilling 60 1 2 2
2 Seth Helgeson Dmitri Orlov 40 1 2 2
4 vs 4 Forward
Center Wing Time % Phy DF OF
1 Erik Cole Spencer Machacek 60 1 2 2
2 Garnet Hathaway Michael Latta 40 1 2 2
4 vs 4 Defense
Defense Defense Time % Phy DF OF
1 Jonathan Blum Cameron Schilling 60 1 2 2
2 Seth Helgeson Dmitri Orlov 40 1 2 2
Last Minutes Offensive
Center Left Wing Right Wing Defense Defense
Michael Latta Erik Cole Spencer Machacek Jonathan Blum Cameron Schilling
Last Minutes Defensive
Center Left Wing Right Wing Defense Defense
Michael Latta Erik Cole Spencer Machacek Jonathan Blum Cameron Schilling
Goaltenders
Starting : Karri Ramo
Backup : Connor Hellebyuk
Extra Forwards
Normal : Alex Hutchings, Nick Shore, Colton Sceviour - PP : Alex Hutchings, Nick Shore - PK : Colton Sceviour
Extra Defensemen
Normal : Robert Bortuzzo, Taylor Aronson, Derek Forbort - PP : Robert Bortuzzo - PK : Taylor Aronson, Derek Forbort
Penalty Shots
Erik Cole, Spencer Machacek, Garnet Hathaway, Michael Latta, Corban Knight
Scratches
Thomas DiPauli (Healthy), Taylor Leier (Healthy), Jake Paterson (Healthy)
% Time on Ice - Saguenéens
Lines # - Real PCT - Wanted PCT - Time Play
Normal Forward
1 - 31% - 40% - 11:36
2 - 27% - 30% - 9:49
3 - 27% - 20% - 9:59
4 - 15% - 10% - 5:33
Normal Defense
1 - 40% - 40% - 14:39
2 - 29% - 30% - 10:52
3 - 26% - 20% - 9:38
4 - 5% - 10% - 1:48
PP Forward
1 - 59% - 60% - 11:13
2 - 41% - 40% - 7:52
PP Defense
1 - 70% - 60% - 13:16
2 - 30% - 40% - 5:49
PK Forward
1 - 70% - 60% - 2:46
2 - 30% - 40% - 1:12
PK Defense
1 - 63% - 60% - 2:31
2 - 37% - 40% - 1:27
PK3 Forward
1 - 0% - 60%
2 - 0% - 40%
PK3 Defense
1 - 0% - 60%
2 - 0% - 40%
44 Forward
1 - 0% - 60%
2 - 0% - 40%
44 Defense
1 - 0% - 60%
2 - 0% - 40%
Last Minute Offensive - 0:00
Last Minute Defensive - 0:00
Total
Forward - 60:00
Defense - 60:00
|
% Time on Ice - Demolitions
Lines # - Real PCT - Wanted PCT - Time Play
Normal Forward
1 - 32% - 40% - 11:45
2 - 28% - 30% - 10:26
3 - 23% - 20% - 8:25
4 - 17% - 10% - 6:21
Normal Defense
1 - 41% - 40% - 15:08
2 - 32% - 30% - 11:46
3 - 20% - 20% - 7:23
4 - 7% - 10% - 2:40
PP Forward
1 - 53% - 60% - 2:06
2 - 47% - 40% - 1:52
PP Defense
1 - 64% - 60% - 2:33
2 - 36% - 40% - 1:25
PK Forward
1 - 66% - 60% - 12:33
2 - 34% - 40% - 6:32
PK Defense
1 - 65% - 60% - 12:22
2 - 35% - 40% - 6:43
PK3 Forward
1 - 0% - 60%
2 - 0% - 40%
PK3 Defense
1 - 0% - 60%
2 - 0% - 40%
44 Forward
1 - 0% - 60%
2 - 0% - 40%
44 Defense
1 - 0% - 60%
2 - 0% - 40%
Last Minute Offensive - 0:00
Last Minute Defensive - 0:00
Total
Forward - 60:00
Defense - 60:00
|
Play-by-Play
1st period
0:01 of 1st period - Kyle Brodziak wins face-off versus Spencer Machacek in neutral zone.
0:45 of 1st period - Snap shot by Brandon McMillan.
0:45 of 1st period - Stopped by Martin Jones with a rebound.
1:11 of 1st period - Slapshot by Billy Sweat.
1:11 of 1st period - Goal by Billy Sweat - Saguenéens : 0 - Demolitions : 1.
1:12 of 1st period - Michael Latta wins face-off versus Kyle Brodziak in neutral zone.
1:18 of 1st period - Icing by Kyle Brodziak.
1:19 of 1st period - Michael Latta wins face-off versus Kyle Brodziak in Saguenéens zone.
1:26 of 1st period - Snap shot by Michael Latta.
1:26 of 1st period - Shot Misses the Net.
1:48 of 1st period - Wrist shot by Corban Knight.
1:48 of 1st period - Deflect By Garnet Hathaway.
1:48 of 1st period - Stopped by Martin Jones without a rebound.
1:49 of 1st period - Juraj Mikus wins face-off versus Corban Knight in Saguenéens zone.
2:16 of 1st period - Wrist shot by Garnet Hathaway.
2:16 of 1st period - Shot Blocked by Craig Cunningham.
2:30 of 1st period - Snap shot by Tobias Rieder.
2:30 of 1st period - Stopped by Karri Ramo with a rebound.
2:58 of 1st period - Wrist shot by Tobias Rieder.
2:58 of 1st period - Shot Blocked by Nick Pryor.
3:03 of 1st period - Minor Penalty to Derek Forbort for Hooking.
3:04 of 1st period - Kyle Brodziak wins face-off versus Erik Cole in Demolitions zone.
3:06 of 1st period - Wrist shot by Carl Hagelin.
3:06 of 1st period - Stopped by Karri Ramo with a rebound.
3:08 of 1st period - Slapshot by Bobby Sanguinetti.
3:08 of 1st period - Stopped by Karri Ramo with a rebound.
3:10 of 1st period - Slapshot by Dalton Prout.
3:10 of 1st period - Stopped by Karri Ramo without a rebound.
3:11 of 1st period - Erik Cole wins face-off versus Kyle Brodziak in Demolitions zone.
3:45 of 1st period - Slapshot by Carl Hagelin.
3:45 of 1st period - Stopped by Karri Ramo without a rebound.
3:46 of 1st period - Garnet Hathaway wins face-off versus Juraj Mikus in Demolitions zone.
4:35 of 1st period - Spencer Machacek is hit by Kyle Brodziak and loses puck.
5:03 of 1st period - Penalty to Derek Forbort is over, Derek Forbort is back on ice.
5:13 of 1st period - Icing by Dmitri Orlov.
5:14 of 1st period - Brandon McMillan wins face-off versus Nathan MacKinnon in Demolitions zone.
5:14 of 1st period - Brandon McMillan is hit by Bobby Sanguinetti.
5:32 of 1st period - Taylor Aronson is hit by Teemu Pulkkinen and loses puck.
7:03 of 1st period - Snap shot by Rhett Rakhshani.
7:03 of 1st period - Shot Misses the Net.
7:23 of 1st period - Snap shot by Nathan MacKinnon.
7:23 of 1st period - Shot Blocked by Cameron Schilling.
7:41 of 1st period - Wrist shot by Rhett Rakhshani.
7:41 of 1st period - Shot Blocked by Cameron Schilling.
9:00 of 1st period - Snap shot by Nathan MacKinnon.
9:00 of 1st period - Stopped by Karri Ramo without a rebound.
9:01 of 1st period - Michael Latta wins face-off versus Kyle Brodziak in Demolitions zone.
9:07 of 1st period - Slapshot by Erik Cole.
9:07 of 1st period - Shot Blocked by Seth Jones.
9:09 of 1st period - Slapshot by Spencer Machacek.
9:09 of 1st period - Stopped by Martin Jones with a rebound.
9:28 of 1st period - Mike Sauer is hit by Corban Knight and loses puck.
9:37 of 1st period - Snap shot by Tobias Rieder.
9:37 of 1st period - Shot Misses the Net.
9:51 of 1st period - Dmitri Orlov is hit by Jerry D'Amigo and loses puck.
10:00 of 1st period - Snap shot by Phil McRae.
10:00 of 1st period - Stopped by Martin Jones with a rebound.
10:25 of 1st period - Lane MacDermid is hit by Craig Cunningham and loses puck.
10:33 of 1st period - Icing by Garnet Hathaway.
10:34 of 1st period - Kyle Brodziak wins face-off versus Corban Knight in Demolitions zone.
10:37 of 1st period - Wrist shot by Kyle Brodziak.
10:37 of 1st period - Shot Misses the Net.
11:16 of 1st period - Snap shot by Juraj Mikus.
11:16 of 1st period - Stopped by Karri Ramo without a rebound.
11:17 of 1st period - Kyle Brodziak wins face-off versus Michael Latta in Demolitions zone.
11:26 of 1st period - Snap shot by Kyle Brodziak.
11:26 of 1st period - Goal by Kyle Brodziak - Saguenéens : 1 - Demolitions : 1.
11:27 of 1st period - Kyle Brodziak wins face-off versus Michael Latta in neutral zone.
12:02 of 1st period - Corban Knight is hit by Juraj Mikus.
12:25 of 1st period - Minor Penalty to Seth Jones for Holding.
12:26 of 1st period - Kyle Brodziak wins face-off versus Michael Latta in Saguenéens zone.
14:25 of 1st period - Penalty to Seth Jones is over, Seth Jones is back on ice.
14:42 of 1st period - Snap shot by Jerry D'Amigo.
14:42 of 1st period - Shot Misses the Net.
14:59 of 1st period - Taylor Aronson is hit by Rhett Rakhshani.
15:41 of 1st period - Snap shot by Tanner Richard.
15:41 of 1st period - Stopped by Karri Ramo without a rebound.
15:42 of 1st period - Tanner Richard wins face-off versus Corban Knight in Demolitions zone.
16:00 of 1st period - Slapshot by Juraj Mikus.
16:00 of 1st period - Goal by Juraj Mikus - Saguenéens : 2 - Demolitions : 1.
16:01 of 1st period - Kyle Brodziak wins face-off versus Michael Latta in neutral zone.
16:43 of 1st period - Icing by Bobby Sanguinetti.
16:44 of 1st period - Juraj Mikus wins face-off versus Phil McRae in Saguenéens zone.
16:49 of 1st period - Snap shot by Phil McRae.
16:49 of 1st period - Deflect By Billy Sweat.
16:49 of 1st period - Shot Misses the Net.
16:49 of 1st period - Puck is out of play.
16:50 of 1st period - Phil McRae wins face-off versus Kyle Brodziak in Saguenéens zone.
16:53 of 1st period - Snap shot by Phil McRae.
16:53 of 1st period - Shot Misses the Net.
16:55 of 1st period - Snap shot by Billy Sweat.
16:55 of 1st period - Stopped by Martin Jones without a rebound.
16:56 of 1st period - Erik Cole wins face-off versus Kyle Brodziak in Saguenéens zone.
17:07 of 1st period - Slapshot by Luke Witkowski.
17:07 of 1st period - Shot Misses the Net.
17:27 of 1st period - Off-side.
17:28 of 1st period - Kyle Brodziak wins face-off versus Corban Knight in neutral zone.
17:37 of 1st period - Slapshot by Kyle Brodziak.
17:37 of 1st period - Shot Misses the Net.
17:39 of 1st period - Snap shot by Luke Witkowski.
17:39 of 1st period - Stopped by Karri Ramo without a rebound.
17:40 of 1st period - Carl Hagelin wins face-off versus Michael Latta in Demolitions zone.
18:30 of 1st period - Slapshot by Mike Sauer.
18:30 of 1st period - Stopped by Karri Ramo with a rebound.
18:32 of 1st period - Slapshot by Seth Jones.
18:32 of 1st period - Shot Blocked by Billy Sweat.
18:52 of 1st period - Snap shot by Nathan MacKinnon.
18:52 of 1st period - Stopped by Karri Ramo with a rebound.
19:02 of 1st period - Slapshot by Phil McRae.
19:02 of 1st period - Deflect By Billy Sweat.
19:02 of 1st period - Stopped by Martin Jones with a rebound.
19:12 of 1st period - Snap shot by Phil McRae.
19:12 of 1st period - Shot Misses the Net.
19:14 of 1st period - Slapshot by Seth Helgeson.
19:14 of 1st period - Deflect By Phil McRae.
19:14 of 1st period - Stopped by Martin Jones with a rebound.
19:16 of 1st period - Snap shot by Billy Sweat.
19:16 of 1st period - Shot Hit the Post.
19:18 of 1st period - Slapshot by Dmitri Orlov.
19:18 of 1st period - Stopped by Martin Jones with a rebound.
19:20 of 1st period - Slapshot by Dmitri Orlov.
19:20 of 1st period - Shot Blocked by Robert Hagg.
19:22 of 1st period - Snap shot by Joel Vermin.
19:22 of 1st period - Shot Hit the Post.
19:24 of 1st period - Slapshot by Seth Helgeson.
19:24 of 1st period - Shot Blocked by Robert Hagg.
19:42 of 1st period - Snap shot by Nathan MacKinnon.
19:42 of 1st period - Shot Misses the Net.
Goals for this period are 2 for Saguenéens vs 1 for Demolitions.
Shots for this period are 13 for Saguenéens vs 9 for Demolitions.
2nd period
0:01 of 2nd period - Kyle Brodziak wins face-off versus Michael Latta in neutral zone.
0:05 of 2nd period - Off-side.
0:06 of 2nd period - Kyle Brodziak wins face-off versus Michael Latta in neutral zone.
0:10 of 2nd period - Off-side.
0:11 of 2nd period - Kyle Brodziak wins face-off versus Michael Latta in neutral zone.
0:27 of 2nd period - Jonathan Blum is hit by Luke Witkowski and loses puck.
0:40 of 2nd period - Snap shot by Garnet Hathaway.
0:40 of 2nd period - Goal by Garnet Hathaway - Saguenéens : 2 - Demolitions : 2.
0:41 of 2nd period - Michael Latta wins face-off versus Kyle Brodziak in neutral zone.
0:57 of 2nd period - Erik Cole is hit by Carl Hagelin and loses puck.
1:12 of 2nd period - Slapshot by Lane MacDermid.
1:12 of 2nd period - Deflect By Corban Knight.
1:12 of 2nd period - Shot Misses the Net.
1:12 of 2nd period - Puck is out of play.
1:13 of 2nd period - Juraj Mikus wins face-off versus Corban Knight in Saguenéens zone.
1:30 of 2nd period - Snap shot by Craig Cunningham.
1:30 of 2nd period - Shot Misses the Net.
1:32 of 2nd period - Snap shot by Tobias Rieder.
1:32 of 2nd period - Deflect By Juraj Mikus.
1:32 of 2nd period - Shot Misses the Net.
1:32 of 2nd period - Puck is out of play.
1:33 of 2nd period - Michael Latta wins face-off versus Kyle Brodziak in Demolitions zone.
1:33 of 2nd period - Michael Latta is hit by Mike Sauer.
2:03 of 2nd period - Icing by Lane MacDermid.
2:04 of 2nd period - Corban Knight wins face-off versus Juraj Mikus in Demolitions zone.
2:06 of 2nd period - Icing by Lane MacDermid.
2:07 of 2nd period - Corban Knight wins face-off versus Carl Hagelin in Demolitions zone.
2:16 of 2nd period - Wrist shot by Lane MacDermid.
2:16 of 2nd period - Shot Misses the Net.
2:34 of 2nd period - Snap shot by Corban Knight.
2:34 of 2nd period - Shot Misses the Net.
2:36 of 2nd period - Slapshot by Lane MacDermid.
2:36 of 2nd period - Deflect By Carl Hagelin.
2:36 of 2nd period - Goal by Lane MacDermid - Saguenéens : 2 - Demolitions : 3.
2:37 of 2nd period - Kyle Brodziak wins face-off versus Michael Latta in neutral zone.
2:41 of 2nd period - Minor Penalty to Erik Cole for Kneeing.
2:42 of 2nd period - Kyle Brodziak wins face-off versus Colton Sceviour in Demolitions zone.
2:44 of 2nd period - Snap shot by Luke Witkowski.
2:44 of 2nd period - Shot Misses the Net.
2:46 of 2nd period - Slapshot by Kyle Brodziak.
2:46 of 2nd period - Shot Blocked by Spencer Machacek.
3:24 of 2nd period - Snap shot by Luke Witkowski.
3:24 of 2nd period - Stopped by Karri Ramo with a rebound.
3:26 of 2nd period - Slapshot by Carl Hagelin.
3:26 of 2nd period - Goal by Carl Hagelin - Saguenéens : 3 - Demolitions : 3.
3:27 of 2nd period - Juraj Mikus wins face-off versus Corban Knight in neutral zone.
3:37 of 2nd period - Icing by Jonathan Blum.
3:38 of 2nd period - Corban Knight wins face-off versus Carl Hagelin in Demolitions zone.
3:49 of 2nd period - Snap shot by Luke Witkowski.
3:49 of 2nd period - Stopped by Karri Ramo with a rebound.
3:51 of 2nd period - Snap shot by Carl Hagelin.
3:51 of 2nd period - Saguenéens goal is going for a video replay.
3:51 of 2nd period - The goal is refused. The goalkeeper has been pushed into the net together with the puck after making a save..
3:52 of 2nd period - Spencer Machacek wins face-off versus Kyle Brodziak in Demolitions zone.
3:54 of 2nd period - Minor Penalty to Erik Cole for Roughing.
3:55 of 2nd period - Colton Sceviour wins face-off versus Kyle Brodziak in Demolitions zone.
4:27 of 2nd period - Slapshot by Seth Jones.
4:27 of 2nd period - Stopped by Karri Ramo with a rebound.
4:34 of 2nd period - Icing by Tobias Rieder.
4:35 of 2nd period - Corban Knight wins face-off versus Juraj Mikus in Saguenéens zone.
4:40 of 2nd period - Slapshot by Corban Knight.
4:40 of 2nd period - Shot Misses the Net.
5:02 of 2nd period - Spencer Machacek is hit by Mike Sauer and loses puck.
5:17 of 2nd period - Slapshot by Tobias Rieder.
5:17 of 2nd period - Stopped by Karri Ramo without a rebound.
5:18 of 2nd period - Garnet Hathaway wins face-off versus Kyle Brodziak in Demolitions zone.
5:54 of 2nd period - Penalty to Erik Cole is over, Erik Cole is back on ice.
6:30 of 2nd period - Snap shot by Garnet Hathaway.
6:30 of 2nd period - Stopped by Martin Jones without a rebound.
6:31 of 2nd period - Michael Latta wins face-off versus Kyle Brodziak in Saguenéens zone.
6:36 of 2nd period - Slapshot by Michael Latta.
6:36 of 2nd period - Shot Misses the Net.
6:43 of 2nd period - Minor Penalty to Cameron Schilling for Slashing.
6:44 of 2nd period - Kyle Brodziak wins face-off versus Erik Cole in Demolitions zone.
6:48 of 2nd period - Wrist shot by Luke Witkowski.
6:48 of 2nd period - Stopped by Karri Ramo with a rebound.
6:50 of 2nd period - Slapshot by Bobby Sanguinetti.
6:50 of 2nd period - Stopped by Karri Ramo without a rebound.
6:51 of 2nd period - Erik Cole wins face-off versus Kyle Brodziak in Demolitions zone.
7:14 of 2nd period - Snap shot by Luke Witkowski.
7:14 of 2nd period - Shot Misses the Net.
7:16 of 2nd period - Snap shot by Luke Witkowski.
7:16 of 2nd period - Deflect By Carl Hagelin.
7:16 of 2nd period - Shot Misses the Net.
7:16 of 2nd period - Puck is out of play.
7:17 of 2nd period - Garnet Hathaway wins face-off versus Juraj Mikus in Demolitions zone.
8:16 of 2nd period - Michael Latta is hit by Kyle Brodziak and loses puck.
8:43 of 2nd period - Penalty to Cameron Schilling is over, Cameron Schilling is back on ice.
9:21 of 2nd period - Snap shot by Brandon McMillan.
9:21 of 2nd period - Shot Misses the Net.
9:47 of 2nd period - Snap shot by Phil McRae.
9:47 of 2nd period - Shot Blocked by Jerry D'Amigo.
9:49 of 2nd period - Slapshot by Joel Vermin.
9:49 of 2nd period - Shot Blocked by Jerry D'Amigo.
10:21 of 2nd period - Carl Hagelin is hit by Garnet Hathaway and loses puck.
11:35 of 2nd period - Wrist shot by Lane MacDermid.
11:35 of 2nd period - Stopped by Martin Jones with a rebound.
12:03 of 2nd period - Brandon McMillan is hit by Dalton Prout.
12:22 of 2nd period - Icing by Jonathan Blum.
12:23 of 2nd period - Juraj Mikus wins face-off versus Phil McRae in Demolitions zone.
12:26 of 2nd period - Wrist shot by Seth Jones.
12:26 of 2nd period - Shot Misses the Net.
12:28 of 2nd period - Snap shot by Craig Cunningham.
12:28 of 2nd period - Shot Blocked by Cameron Schilling.
12:30 of 2nd period - Backhand shot by Craig Cunningham.
12:30 of 2nd period - Stopped by Karri Ramo with a rebound.
12:38 of 2nd period - Snap shot by Cameron Schilling.
12:38 of 2nd period - Stopped by Martin Jones without a rebound.
12:39 of 2nd period - Michael Latta wins face-off versus Kyle Brodziak in Saguenéens zone.
12:52 of 2nd period - Snap shot by Carl Hagelin.
12:52 of 2nd period - Stopped by Karri Ramo without a rebound.
12:53 of 2nd period - Kyle Brodziak wins face-off versus Michael Latta in Demolitions zone.
12:53 of 2nd period - Seth Jones is hit by Cameron Schilling and loses puck.
13:06 of 2nd period - Snap shot by Luke Witkowski.
13:06 of 2nd period - Shot Misses the Net.
13:14 of 2nd period - Minor Penalty to Michael Latta for Hooking.
13:15 of 2nd period - Spencer Machacek wins face-off versus Kyle Brodziak in Demolitions zone.
13:15 of 2nd period - Spencer Machacek is hit by Carl Hagelin.
13:24 of 2nd period - Off-side.
13:25 of 2nd period - Erik Cole wins face-off versus Kyle Brodziak in neutral zone.
14:51 of 2nd period - Wrist shot by Tobias Rieder.
14:51 of 2nd period - Shot Misses the Net.
15:14 of 2nd period - Penalty to Michael Latta is over, Michael Latta is back on ice.
15:21 of 2nd period - Snap shot by Juraj Mikus.
15:21 of 2nd period - Shot Blocked by Alex Hutchings.
15:23 of 2nd period - Wrist shot by Juraj Mikus.
15:23 of 2nd period - Stopped by Karri Ramo with a rebound.
15:25 of 2nd period - Wrist shot by Dalton Prout.
15:25 of 2nd period - Shot Blocked by Garnet Hathaway.
15:49 of 2nd period - Wrist shot by Tobias Rieder.
15:49 of 2nd period - Shot Blocked by Dmitri Orlov.
15:51 of 2nd period - Wrist shot by Craig Cunningham.
15:51 of 2nd period - Shot Misses the Net.
16:14 of 2nd period - Snap shot by Craig Cunningham.
16:14 of 2nd period - Stopped by Karri Ramo with a rebound.
16:16 of 2nd period - Slapshot by Bobby Sanguinetti.
16:16 of 2nd period - Stopped by Karri Ramo with a rebound.
16:18 of 2nd period - Slapshot by Dalton Prout.
16:18 of 2nd period - Stopped by Karri Ramo with a rebound.
16:20 of 2nd period - Wrist shot by Juraj Mikus.
16:20 of 2nd period - Stopped by Karri Ramo with a rebound.
16:28 of 2nd period - Wrist shot by Tobias Rieder.
16:28 of 2nd period - Stopped by Karri Ramo with a rebound.
16:50 of 2nd period - Wrist shot by Tobias Rieder.
16:50 of 2nd period - Shot Blocked by Dmitri Orlov.
16:56 of 2nd period - Backhand shot by Juraj Mikus.
16:56 of 2nd period - Shot Blocked by Dmitri Orlov.
16:58 of 2nd period - Snap shot by Craig Cunningham.
16:58 of 2nd period - Shot Blocked by Seth Helgeson.
17:04 of 2nd period - Wrist shot by Juraj Mikus.
17:04 of 2nd period - Shot Blocked by Dmitri Orlov.
17:06 of 2nd period - Snap shot by Tobias Rieder.
17:06 of 2nd period - Stopped by Karri Ramo with a rebound.
17:08 of 2nd period - Wrist shot by Tobias Rieder.
17:08 of 2nd period - Shot Blocked by Dmitri Orlov.
17:10 of 2nd period - Snap shot by Craig Cunningham.
17:10 of 2nd period - Goal by Craig Cunningham - Saguenéens : 4 - Demolitions : 3.
17:11 of 2nd period - Aaron Palushaj wins face-off versus Luke Witkowski in neutral zone.
Goals for this period are 2 for Saguenéens vs 2 for Demolitions.
Shots for this period are 18 for Saguenéens vs 5 for Demolitions.
3rd period
0:01 of 3rd period - Kyle Brodziak wins face-off versus Michael Latta in neutral zone.
0:04 of 3rd period - Wrist shot by Carl Hagelin.
0:04 of 3rd period - Stopped by Karri Ramo with a rebound.
0:11 of 3rd period - Icing by Spencer Machacek.
0:12 of 3rd period - Kyle Brodziak wins face-off versus Michael Latta in Demolitions zone.
0:16 of 3rd period - Minor Penalty to Michael Latta for Goalie Interference.
0:17 of 3rd period - Kyle Brodziak wins face-off versus Erik Cole in Demolitions zone.
0:31 of 3rd period - Wrist shot by Carl Hagelin.
0:31 of 3rd period - Stopped by Karri Ramo without a rebound.
0:32 of 3rd period - Kyle Brodziak wins face-off versus Erik Cole in Demolitions zone.
1:38 of 3rd period - Kyle Brodziak is hit by Seth Helgeson and loses puck.
2:16 of 3rd period - Penalty to Michael Latta is over, Michael Latta is back on ice.
2:18 of 3rd period - Icing by Garnet Hathaway.
2:19 of 3rd period - Henrik Samuelsson wins face-off versus Andrej Nestrasil in Demolitions zone.
2:36 of 3rd period - Snap shot by Phil McRae.
2:36 of 3rd period - Stopped by Martin Jones with a rebound.
2:38 of 3rd period - Wrist shot by Robert Bortuzzo.
2:38 of 3rd period - Stopped by Martin Jones without a rebound.
2:39 of 3rd period - Michael Latta wins face-off versus Juraj Mikus in Saguenéens zone.
2:50 of 3rd period - Wrist shot by Juraj Mikus.
2:50 of 3rd period - Deflect By Craig Cunningham.
2:50 of 3rd period - Shot Blocked by Seth Helgeson.
2:50 of 3rd period - Puck is out of play.
2:51 of 3rd period - Kyle Brodziak wins face-off versus Spencer Machacek in Demolitions zone.
3:49 of 3rd period - Wrist shot by Phil McRae.
3:49 of 3rd period - Stopped by Martin Jones without a rebound.
3:50 of 3rd period - Michael Latta wins face-off versus Kyle Brodziak in Saguenéens zone.
4:16 of 3rd period - Minor Penalty to Lane MacDermid for Hooking.
4:17 of 3rd period - Erik Cole wins face-off versus Luke Witkowski in Demolitions zone.
6:16 of 3rd period - Penalty to Lane MacDermid is over, Lane MacDermid is back on ice.
6:25 of 3rd period - Nick Mattson is hit by Cameron Schilling and loses puck.
6:32 of 3rd period - Wrist shot by Andrej Nestrasil.
6:32 of 3rd period - Deflect By Aaron Palushaj.
6:32 of 3rd period - Stopped by Martin Jones with a rebound.
6:34 of 3rd period - Snap shot by Brandon McMillan.
6:34 of 3rd period - Goal by Brandon McMillan - Saguenéens : 4 - Demolitions : 4.
6:35 of 3rd period - Tanner Richard wins face-off versus Spencer Machacek in neutral zone.
6:40 of 3rd period - Wrist shot by Kerby Rychel.
6:40 of 3rd period - Stopped by Karri Ramo with a rebound.
7:03 of 3rd period - Minor Penalty to Garnet Hathaway for Tripping.
7:04 of 3rd period - Erik Cole wins face-off versus Kyle Brodziak in Demolitions zone.
7:27 of 3rd period - Erik Cole is hit by Luke Witkowski and loses puck.
8:30 of 3rd period - Snap shot by Luke Witkowski.
8:30 of 3rd period - Goal by Luke Witkowski - Saguenéens : 5 - Demolitions : 4.
8:31 of 3rd period - Michael Latta wins face-off versus Juraj Mikus in neutral zone.
9:07 of 3rd period - Wrist shot by Tanner Richard.
9:07 of 3rd period - Stopped by Karri Ramo without a rebound.
9:08 of 3rd period - Garnet Hathaway wins face-off versus Juraj Mikus in Demolitions zone.
9:13 of 3rd period - Slapshot by Jonathan Blum.
9:13 of 3rd period - Stopped by Martin Jones with a rebound.
9:15 of 3rd period - Slapshot by Cameron Schilling.
9:15 of 3rd period - Stopped by Martin Jones with a rebound.
9:17 of 3rd period - Wrist shot by Corban Knight.
9:17 of 3rd period - Stopped by Martin Jones without a rebound.
9:18 of 3rd period - Corban Knight wins face-off versus Juraj Mikus in Saguenéens zone.
9:21 of 3rd period - Wrist shot by Garnet Hathaway.
9:21 of 3rd period - Shot Blocked by Robert Hagg.
9:23 of 3rd period - Slapshot by Jonathan Blum.
9:23 of 3rd period - Shot Misses the Net.
9:25 of 3rd period - Snap shot by Lane MacDermid.
9:25 of 3rd period - Stopped by Martin Jones with a rebound.
9:27 of 3rd period - Slapshot by Cameron Schilling.
9:27 of 3rd period - Deflect By Tobias Rieder.
9:27 of 3rd period - Stopped by Martin Jones without a rebound.
9:28 of 3rd period - Kyle Brodziak wins face-off versus Michael Latta in Saguenéens zone.
9:55 of 3rd period - Cameron Schilling is hit by Nathan MacKinnon and loses puck.
10:02 of 3rd period - Slapshot by Seth Jones.
10:02 of 3rd period - Stopped by Karri Ramo with a rebound.
10:04 of 3rd period - Wrist shot by Rhett Rakhshani.
10:04 of 3rd period - Goal by Rhett Rakhshani - Saguenéens : 6 - Demolitions : 4.
10:05 of 3rd period - Michael Latta wins face-off versus Kyle Brodziak in neutral zone.
10:10 of 3rd period - Slapshot by Luke Witkowski.
10:10 of 3rd period - Goal by Luke Witkowski - Saguenéens : 7 - Demolitions : 4.
10:11 of 3rd period - Kyle Brodziak wins face-off versus Michael Latta in neutral zone.
10:13 of 3rd period - Off-side.
10:14 of 3rd period - Kyle Brodziak wins face-off versus Michael Latta in neutral zone.
10:25 of 3rd period - Snap shot by Spencer Machacek.
10:25 of 3rd period - Stopped by Martin Jones without a rebound.
10:26 of 3rd period - Kyle Brodziak wins face-off versus Michael Latta in Saguenéens zone.
10:33 of 3rd period - Snap shot by Michael Latta.
10:33 of 3rd period - Shot Misses the Net.
10:53 of 3rd period - Bobby Sanguinetti is hit by Garnet Hathaway and loses puck.
11:16 of 3rd period - Wrist shot by Jerry D'Amigo.
11:16 of 3rd period - Stopped by Karri Ramo without a rebound.
11:17 of 3rd period - Brandon McMillan wins face-off versus Tanner Richard in Demolitions zone.
11:26 of 3rd period - Andrej Nestrasil is hit by Kerby Rychel and loses puck.
11:33 of 3rd period - Snap shot by Tanner Richard.
11:33 of 3rd period - Stopped by Karri Ramo with a rebound.
11:39 of 3rd period - Major Penalty to Cameron Schilling for Boarding.
11:40 of 3rd period - Kyle Brodziak wins face-off versus Erik Cole in Demolitions zone.
13:43 of 3rd period - Dmitri Orlov is hit by Carl Hagelin and loses puck.
13:50 of 3rd period - Wrist shot by Seth Jones.
13:50 of 3rd period - Shot Misses the Net.
13:54 of 3rd period - Snap shot by Kyle Brodziak.
13:54 of 3rd period - Stopped by Karri Ramo with a rebound.
13:56 of 3rd period - Slapshot by Seth Jones.
13:56 of 3rd period - Deflect By Luke Witkowski.
13:56 of 3rd period - Shot Blocked by Derek Forbort.
13:56 of 3rd period - Puck is out of play.
13:57 of 3rd period - Garnet Hathaway wins face-off versus Kyle Brodziak in Demolitions zone.
14:06 of 3rd period - Michael Latta is hit by Kyle Brodziak and loses puck.
16:39 of 3rd period - Penalty to Cameron Schilling is over, Cameron Schilling is back on ice.
16:45 of 3rd period - Snap shot by Cameron Schilling.
16:45 of 3rd period - Goal by Cameron Schilling - Saguenéens : 7 - Demolitions : 5.
16:46 of 3rd period - Nathan MacKinnon wins face-off versus Andrej Nestrasil in neutral zone.
17:52 of 3rd period - Minor Penalty to Tanner Richard for Slashing.
17:53 of 3rd period - Michael Latta wins face-off versus Kyle Brodziak in Saguenéens zone.
18:28 of 3rd period - Wrist shot by Garnet Hathaway.
18:28 of 3rd period - Shot Misses the Net.
18:30 of 3rd period - Slapshot by Jonathan Blum.
18:30 of 3rd period - Deflect By Lane MacDermid.
18:30 of 3rd period - Shot Blocked by Dalton Prout.
18:30 of 3rd period - Puck is out of play.
18:31 of 3rd period - Corban Knight wins face-off versus Kyle Brodziak in Saguenéens zone.
19:52 of 3rd period - Penalty to Tanner Richard is over, Tanner Richard is back on ice.
Goals for this period are 3 for Saguenéens vs 2 for Demolitions.
Shots for this period are 11 for Saguenéens vs 12 for Demolitions.
Back to the Top